cohdb
Replays
Latest Replays
All Replays
Popular Replays
Top Player Replays
Match Explorer
How It Works
Community
CoH3 Stats
Reddit
Sign in to upload your games and track your stats! →
Sign in with Steam
1200 v 1450 DAK Player
Match 38911282
Overview
Messages
Build Orders
End
Kradschützen Motorcycle Team
Panzergrenadier Squad
Panzergrenadier Squad
250 Light Carrier
Construct Light Support Kompanie
Construct Mechanized Kompanie
8 Rad Armored Car
Selects Armored Support Battlegroup
Selects Superior Fire Drills
8 Rad Armored Car
Panzerpioneer Squad
2.5-tonne Medical Truck
Selects Salvage Kits
Panzergrenadier Squad
Veteran Squad Leaders
MG34 Team
Construct Panzerarmee Kommand
Vehicle Survival Package
Marder III Tank Destroyer
Construct Panzerarmee Kommand
Armored Reserves
Emergency Repair Kits
StuG Assault Group
Selects Panzer Storm
Selects Stuka Anti-tank Loiter
Top3Control
MADAO
0
0
Comments
sign in to comment!
No comments posted yet!